 Dungeon Crawl Stone Soup version 0.25-a0-697-g890751e744 (webtiles) character file.

Game seed: 9460172006771492172, levelgen mode: deterministic

22845 M4edhros the Prestidigitator (level 13, -2/89 HPs)
             Began as an Octopode Artificer on Apr 1, 2020.
             Was a Priest of Qazlal.
             Slain by an ice devil (19 damage)
             ... in an ice cave.
             The game lasted 00:51:05 (16576 turns).

M4edhros the Prestidigitator (Octopode Artificer)  Turns: 16576, Time: 00:51:06

Health: -2/89      AC:  8    Str: 13    XL:     13   Next: 2%
Magic:  34/38      EV: 20    Int: 14    God:    Qazlal [***...]
Gold:   1390       SH:  8    Dex: 20    Spells: 8/12 levels left

rFire    . . .     SeeInvis .   x - +2 glaive (protect)
rCold    . . .     Gourm    .   (shield currently unavailable)
rNeg     . . .     Faith    .   (helmet restricted)
rPois    +         Spirit   .   j - +4 amulet of reflection
rElec    .         Reflect  +   p - ring of resist corrosion
rCorr    +         Harm     .   E - ring of magical power
MR       .....                  G - +2 ring of strength
Stlth    ++++......             L - ring of magical power
HPRegen  0.24/turn              M - ring of poison resistance
MPRegen  0.26/turn              O - +3 ring of dexterity
                                g - ring of stealth
                                (no ring)

@: protection aura
A: almost no armour, stealthy swim, amphibious, 8 rings, constrict 8, camouflage
1, gelatinous body 1
a: Upheaval, Elemental Force, Renounce Religion


You were in an ice cave.
You worshipped Qazlal.
Qazlal was most pleased with you.
You were not hungry.

You visited 4 branches of the dungeon, and saw 17 of its levels.
You also visited: Ice Cave.

You collected 1390 gold pieces.

Inventory:

Hand Weapons
 a - a +0 short sword
 l - a +2 demon trident of freezing
 r - a +0 dagger of venom
 x - a +2 glaive of protection (weapon)
 A - a +0 hunting sling
 C - a +2 dagger of venom
Missiles
 z - 122 sling bullets
Armour
 w - a +1 kite shield
Jewellery
 g - a ring of stealth (on tentacle)
 j - a +4 amulet of reflection (around mantle)
 p - a ring of resist corrosion (left tentacle)
 E - a ring of magical power (right tentacle)
 G - a +2 ring of strength (on tentacle)
 L - a ring of magical power (on tentacle)
 M - a ring of poison resistance (on tentacle)
 O - a +3 ring of dexterity (on tentacle)
Wands
 b - a wand of flame (11)
 d - a wand of random effects (11)
 e - a wand of polymorph (12)
 o - a wand of iceblast (2)
Scrolls
 c - 2 scrolls of teleportation
 i - 2 scrolls of identify
 k - 2 scrolls of remove curse
 s - 2 scrolls of fear
 u - 2 scrolls of amnesia
 P - a scroll of silence
Potions
 v - a potion of cancellation {unknown}
 D - a potion of might
 J - a potion of stabbing {unknown}
 K - a potion of resistance {unknown}
 R - 8 potions of degeneration
Miscellaneous
 Q - a lightning rod (4/4)
Comestibles
 f - 19 rations


   Skills:
 - Level 8.3 Fighting
 - Level 1.0 Short Blades
 * Level 10.2 Polearms
 * Level 8.2 Dodging
 - Level 9.3 Stealth
 - Level 1.4 Shields
 + Level 4.1 Earth Magic
 * Level 10.2 Invocations
 - Level 10.2 Evocations


You had 8 spell levels left.
You knew the following spells:

 Your Spells              Type           Power        Failure   Level  Hunger
a - Leda's Liquefaction   Hex/Erth       #.........   77%         4    #####..

Your spell library contained the following spells:

 Spells                   Type           Power        Failure   Level  Hunger
 Magic Dart               Conj           #...         28%         1    ##.....
 Blink                    Tloc           N/A          41%         2    ###....
 Call Imp                 Summ           #.......     41%         2    ###....
 Slow                     Hex            #.......     41%         2    ###....
 Conjure Flame            Conj/Fire      #.......     65%         3    ####...
 Mephitic Cloud           Conj/Pois/Air  #.......     65%         3    ####...
 Bolt of Magma            Conj/Fire/Erth #.........   99%         5    ######.
 Iron Shot                Conj/Erth      #.........   100%        6    #######
 Statue Form              Tmut/Erth      #........    100%        6    #######
 Shatter                  Erth           ##........   100%        9    #######


Dungeon Overview and Level Annotations

Branches:
Dungeon (13/15)            Temple (1/1) D:7            Lair (1/6) D:10
    Orc (2/2) D:10            Elf (0/3) Orc:2         IceCv (1/1)
 Vaults: D:13-14

Altars:
Ashenzari
Elyvilon
Fedhas
Gozag
Hepliaklqana
Kikubaaqudgha
Nemelex Xobeh
Okawaru
Qazlal
Ru
Sif Muna
Trog
Yredelemnul
The Shining One
Beogh

Annotations:
D:5 3 runed translucent doors, iamserjio's ghost, amateur OpCK
D:8 2 transporters, Zajic's ghost, novice MiBe


Innate Abilities, Weirdness & Mutations

You cannot wear most types of armour.
You are very stealthy in the water. (Stealth+)
You are amphibious.
You can wear up to eight rings at the same time.
You can use your tentacles to constrict eight enemies at once.
Your skin changes colour to match your surroundings (Stealth+).
Your rubbery body absorbs attacks. (AC +1, EV +1)


Message History

Aiming: Upheaval
Press: ? - help, Dir - move target cursor, f - ice devil
Aim: an ice devil A storm cloud blasts the area with cutting wind!
The cutting wind hits the ice devil!!
The ice devil is heavily wounded.
You barely miss the ice devil. You grab the ice devil.
The ice devil is heavily wounded.
You constrict the ice devil, but do no damage.
The ice devil barely misses you.
You hit the ice devil.
Your weapon exudes an aura of protection.
You squeeze the ice devil.
The ice devil is severely wounded.
You feel a little less mighty now.
You constrict the ice devil. The ice devil barely misses you.
The ice devil hits you.
* * * LOW HITPOINT WARNING * * *
The ice devil freezes you!!
You die...

##### #### ####.#.##
##..## #### #.......##
##....#####..####.......#
#.......##....##........#
#.∩.∩.....4.#...........#
#........°@###.........##
##....##..## ###.......#
##..###### ##......# ####
#.......# ##.....##
#....## ##..## #...##
##...#


You could see an ice devil.

Vanquished Creatures
  2 tengu warriors (D:11)
  3 skeletal warriors (D:10)
  2 deep elf magi
  An ugly thing (D:11)
  An orc sorcerer (Orc:2)
  A cyclops (D:11)
  A centaur zombie (D:11)
  2 ice statues (IceCv)
  A kobold demonologist (D:11)
  8 ice devils (IceCv)
  2 trolls
  A polar bear (D:12)
  A merfolk (D:9)
  A hornet (D:8)
  A hippogriff (D:9)
  2 centaur simulacra (D:12)
  14 orc warriors
  A shadow (D:11)
  3 wraiths
  23 yaks
  A water elemental (D:12)
  3 basilisks
  A hungry ghost (D:12)
  A warg (Orc:1)
  An acid dragon (D:10)
  3 porcupines (D:10)
  A meliai simulacrum (D:12)
  A swamp drake (D:10)
  An ice beast (D:12)
  3 sky beasts
  A black bear (D:12)
  10 ogres
  A necrophage (D:10)
  7 wolves
  5 centaurs
  5 crocodiles
  2 big kobolds (D:11)
  4 bullfrogs
  A gnoll sergeant (D:6)
  2 wyvern zombies
  4 scorpions
  3 killer bees (D:7)
  6 howler monkeys
  4 crimson imps
  A bullfrog zombie (D:12)
  4 hounds
  2 quasits
  3 jellies
  A bullfrog skeleton (D:11)
  A gnoll shaman (D:8)
  11 orc priests
  15 orc wizards
  3 centaur skeletons
  4 iguanas
  3 worker ants
  A killer bee zombie (D:7)
  A bullfrog simulacrum (D:12)
  A hound zombie (D:6)
  A hound skeleton (D:5)
  A worker ant zombie (D:11)
  A howler monkey zombie (D:8)
  10 adders
  10 gnolls
  9 white imps
  6 ufetubi (IceCv)
  An adder skeleton (D:6)
  A worm (D:4)
  6 leopard geckos
  66 orcs
  2 ball pythons
  4 giant cockroaches
  2 goblins
  2 hobgoblins
  10 jackals
  5 kobolds
  2 quokkas
  6 bats
  7 frilled lizards
  A jackal skeleton (D:4)
  A leopard gecko zombie (D:5)
  A quokka zombie (D:7)
  3 rats
351 creatures vanquished.

Vanquished Creatures (collateral kills)
  Snorg (Orc:2)
  An orc sorcerer (Orc:2)
  3 yaks
  A scorpion (D:4)
  A wight (D:6)
  An iguana (D:8)
  A worker ant (D:6)
  A gnoll (D:8)
  6 orcs
  A giant cockroach (D:6)
17 creatures vanquished.

Vanquished Creatures (others)
  A yak (D:11)
  A centaur (D:8)
  Blork the orc (D:6)
  An orc wizard (D:10)
  5 white imps (IceCv)
  2 ufetubi (IceCv)
  A jackal (D:4)
  3 fungi
  13 plants (D:10)
28 creatures vanquished.

Grand Total: 396 creatures vanquished

Notes
Turn   | Place    | Note
-------+----------+-------------------------------------------
     0 | D:1      | M4edhros the Octopode Artificer began the quest for the
                  | Orb.
     0 | D:1      | Reached XP level 1. HP: 13/13 MP: 3/3
   358 | D:2      | Reached XP level 2. HP: 12/18 MP: 4/4
   707 | D:4      | Noticed an ogre
   708 | D:4      | Noticed a scorpion
   721 | D:4      | Killed a scorpion
   721 | D:4      | Reached XP level 3. HP: 23/23 MP: 4/6
   773 | D:4      | Killed an ogre
   773 | D:4      | Reached XP level 4. HP: 26/28 MP: 7/7
   779 | D:4      | Reached XP level 5. HP: 20/33 MP: 8/8
   832 | D:4      | Reached skill level 5 in Stealth
   832 | D:4      | Reached skill level 5 in Evocations
  1125 | D:5      | Entered Level 5 of the Dungeon
  1125 | D:5      | Found a runed translucent gate,
  1125 | D:5      | Found a runed translucent gate,
  1125 | D:5      | Found a runed translucent gate,
  1125 | D:5      | Noticed iamserjio's ghost (amateur OpCK)
  1125 | D:5      | Noticed a centaur
  1201 | D:6      | Found a hazy altar of Hepliaklqana,
  1228 | D:6      | Reached XP level 6. HP: 38/38 MP: 10/10
  1338 | D:6      | Noticed Blork the orc
  1342 | D:6      | Noticed an orc warrior
  1351 | D:6      | Your ally died
  1593 | D:6      | Noticed an orc warrior
  1624 | D:6      | Found a shattered altar of Ashenzari,
  1654 | D:6      | Reached XP level 7. HP: 28/43 MP: 11/11
  2208 | D:6      | Found an iron altar of Okawaru,
  2209 | D:6      | Found a white marble altar of Elyvilon,
  2209 | D:6      | Found a basalt altar of Yredelemnul,
  2218 | D:6      | Found a stormy altar of Qazlal,
  2220 | D:6      | Found an opulent altar of Gozag,
  2284 | D:6      | Killed an orc warrior
  2284 | D:6      | Reached skill level 1 in Shields
  2284 | D:6      | Reached XP level 8. HP: 45/50 MP: 13/13
  2421 | D:6      | Became a worshipper of Qazlal Stormbringer
  3642 | D:3      | Reached skill level 1 in Polearms
  4346 | D:5      | Reached * piety under Qazlal
  4628 | D:6      | Reached XP level 9. HP: 52/58 MP: 15/15
  5058 | D:7      | Reached skill level 1 in Invocations
  5305 | D:7      | Found a staircase to the Ecumenical Temple,
  5693 | D:7      | Found a sacrificial altar of Ru,
  5880 | D:7      | Reached skill level 5 in Fighting
  6479 | Temple   | Entered the Ecumenical Temple
  6684 | D:8      | Reached ** piety under Qazlal
  6696 | D:8      | Reached skill level 5 in Polearms
  7019 | D:8      | Noticed Zajic's ghost (novice MiBe)
  7029 | D:8      | Found a transporter,
  7096 | D:8      | Found a transporter,
  7359 | D:8      | Noticed a hornet
  7364 | D:8      | Killed a hornet
  7364 | D:8      | Reached XP level 10. HP: 67/68 MP: 16/16
  8115 | D:10     | Entered Level 10 of the Dungeon
  8248 | D:10     | Reached skill level 5 in Invocations
  9283 | D:10     | Found a staircase to the Lair,
  9417 | D:10     | Reached *** piety under Qazlal
  9467 | D:10     | Found a roughly hewn altar of Beogh,
 10434 | D:10     | Found a staircase to the Orcish Mines,
 10599 | D:10     | Found a sparkling altar of Nemelex Xobeh,
 10702 | D:11     | Noticed a kobold demonologist
 10707 | D:11     | Killed a kobold demonologist
 10707 | D:11     | Reached XP level 11. HP: 58/75 MP: 18/18
 10724 | D:11     | Reached **** piety under Qazlal
 10731 | D:11     | Noticed a skeletal warrior
 10832 | D:11     | Noticed a tengu warrior
 10838 | D:11     | Killed a tengu warrior
 10838 | D:11     | Noticed a tengu warrior
 10845 | D:11     | Killed a tengu warrior
 10873 | D:11     | Reached skill level 5 in Dodging
 10891 | D:11     | Noticed a deep elf mage
 10903 | D:11     | Killed a deep elf mage
 11077 | D:11     | Learned a level 4 spell: Leda's Liquefaction
 11438 | D:11     | Noticed a cyclops
 11482 | D:11     | Killed a cyclops
 11482 | D:11     | Reached skill level 1 in Earth Magic
 11643 | D:11     | Noticed a red ugly thing
 11650 | D:11     | Killed a red ugly thing
 11666 | D:11     | Noticed a skeletal warrior
 11787 | Orc:1    | Entered Level 1 of the Orcish Mines
 11946 | Orc:2    | Entered Level 2 of the Orcish Mines
 11982 | Orc:2    | Noticed an orc sorcerer
 11988 | Orc:2    | Killed an orc sorcerer
 12388 | Orc:2    | Found a staircase to the Elven Halls,
 12497 | Orc:2    | Noticed Snorg
 12506 | Orc:2    | Noticed an orc sorcerer
 12507 | Orc:2    | Killed Snorg
 12507 | Orc:2    | Reached skill level 10 in Evocations
 12507 | Orc:2    | Reached XP level 12. HP: 83/83 MP: 19/19
 12868 | Orc:2    | Found a roughly hewn altar of Beogh,
 13912 | Lair:1   | Entered Level 1 of the Lair of Beasts
 15198 | D:11     | You fall into a shaft and drop 2 floors!
 15530 | D:12     | Found a frozen archway,
 15557 | IceCv    | Entered an ice cave
 15623 | IceCv    | Reached skill level 10 in Polearms
 15623 | IceCv    | Reached skill level 10 in Invocations
 16201 | IceCv    | Reached XP level 13. HP: 19/89 MP: 20/20
 16576 | IceCv    | Slain by an ice devil

Levels and vault maps discovered:
D:1:      onia_arrival_pyramid, layout_basic
D:2:      layout_basic, serial_bayou_lake_a
D:3:      layout_rooms, serial_rivers, chequers_serial_rivers_room_a,
          chequers_serial_rivers_marsh, chequers_serial_rivers_micro_a,
          chequers_serial_rivers_micro_b, chequers_serial_rivers_micro_e,
          chequers_serial_rivers_micro_c
D:4:      layout_cave_pools, first_ration
D:5:      layout_loops_cross, gammafunk_ghost_split, minmay_misc_feat_square
D:6:      layout_basic, kennysheep_mini, ashenzari_altar_1,
          minmay_overflow_temple_star_hex, minmay_stone_trees_medium,
          grunt_decor_cap, st_stairs_11, grunt_ministairs_10, sword_in_stone
D:7:      layout_layer_cave, nicolae_ru_path_of_blood,
          minmay_temple_entry_mini_moons
D:8:      layout_rooms, gammafunk_ghost_stat_death
D:9:      layout_basic, hangedman_fish_farm
D:10:     layout_small_grid, minmay_lair_entry_grove, erik_orc_1, special_room
          [special_room_orc], david_defended_altar_elf
D:11:     layout_loops_ring, kennysheep_generic_room_7
D:12:     layout_cave_pods, portal_ice_cave_entry_pillars_2, serial_ice,
          serial_ice_l, serial_ice_d, serial_ice_g, serial_ice_f, serial_ice_a,
          serial_ice_n
D:13:     layout_long_grid, david_vaults_5, enter_trove_6, serial_shops,
          shop_scrolls
Temple:   eino_temple_lava
Lair:1:   layout_long_grid, basic_altar, lemuel_fruit_tree
Orc:1:    layout_diamond_mine, minmay_orc_temple_a
Orc:2:    st_orc_elflike, layout_diamond_mine, basic_altar, uniq_snorg
IceCv:    ice_cave_small_demon

Skill      XL: |  1  2  3  4  5  6  7  8  9 10 11 12 |
---------------+-------------------------------------+-----
Stealth        | 2 3 4 6 7 8 9 |  9.3
Evocations     | 4 5 6 7 8 9 10 | 10.2
Shields        | 1 |  1.4
Fighting       | 4 6 7 8 |  8.3
Polearms       | 3 5 7 8 10 | 10.2
Invocations    | 4 6 8 10 | 10.2
Dodging        | 3 6 8 |  8.2
Earth Magic    | 1 4 |  4.1
Short Blades   | |  1.0

Action                   |  1- 3 |  4- 6 |  7- 9 | 10-12 | 13-15 || total
-------------------------+-------+-------+-------+-------+-------++-------
Melee: Short sword       |    29 |    28 |       |       |       ||    57
       Constrict         |     8 |    17 |    67 |    85 |     2 ||   179
       Tentacles         |     1 |    15 |    66 |   157 |     2 ||   241
       Dagger            |       |    29 |   266 |   161 |       ||   456
       Glaive            |       |       |       |   450 |     6 ||   456
Invok: Upheaval          |       |       |       |     8 |     2 ||    10
       Elemental Force   |       |       |       |     1 |       ||     1
Evoke: Wand              |    10 |    17 |    14 |    49 |       ||    90
       Lightning rod     |       |       |       |     8 |       ||     8
  Use: Scroll            |     3 |     1 |     1 |    19 |     1 ||    25
       Potion            |       |       |     5 |    10 |     1 ||    16
 Stab: Sleeping          |     3 |     1 |    13 |       |       ||    17
       Paralysed         |       |       |     4 |     4 |       ||     8
       Distracted        |       |       |     1 |       |       ||     1
  Eat: Chunk             |       |     2 |    15 |    20 |       ||    37
       Ration            |       |       |     1 |     3 |       ||     4
Armor: Skin              |     3 |     1 |    25 |    50 |       ||    79
Dodge: Dodged            |    23 |    29 |    97 |   255 |     3 ||   407
       Deflected         |       |       |       |     7 |       ||     7
Block: Other             |       |     8 |     6 |   133 |       ||   147
       Kite shield       |       |       |   174 |   124 |       ||   298
       Reflection        |       |       |    12 |    14 |       ||    26

Table legend:
 A = Non-vault XP
 B = Vault XP
 C = Vault XP percentage of total XP
 D = Non-vault monster count
 E = Vault monster count
 F = Vault count percentage of total count
                 A         B        C        D         E       F
            +---------+---------+-------+---------+---------+-------
      Total |   22965 |    9672 |  29.6 |     272 |      96 |  26.1
            +---------+---------+-------+---------+---------+-------
        D:1 |       5 |       0 |   0.0 |       5 |       0 |   0.0
        D:2 |      38 |       0 |   0.0 |      14 |       0 |   0.0
        D:3 |     207 |       0 |   0.0 |      13 |       0 |   0.0
        D:4 |     256 |       0 |   0.0 |      18 |       0 |   0.0
        D:5 |     330 |       0 |   0.0 |      19 |       0 |   0.0
        D:6 |     890 |     653 |  42.3 |      19 |      11 |  36.7
        D:7 |    1070 |       0 |   0.0 |      26 |       0 |   0.0
        D:8 |    1284 |       0 |   0.0 |      29 |       0 |   0.0
        D:9 |     381 |     292 |  43.4 |       5 |       2 |  28.6
       D:10 |    2928 |    2691 |  47.9 |      17 |      44 |  72.1
       D:11 |   10371 |     214 |   2.0 |      54 |       1 |   1.8
       D:12 |    1957 |    1203 |  38.1 |      20 |      10 |  33.3
     Lair:1 |     795 |       0 |   0.0 |       7 |       0 |   0.0
      Orc:1 |     468 |      88 |  15.8 |       6 |       4 |  40.0
      Orc:2 |    1985 |     757 |  27.6 |      20 |       2 |   9.1
      IceCv |       0 |    3774 | 100.0 |       0 |      22 | 100.0
            +---------+---------+-------+---------+---------+-------
